 Dungeon Crawl Stone Soup version 0.26-a0-538-ge4b5d95 (webtiles) character file.

Game seed: 17142056453548585278

(classic levelgen) 11 GlaceonGamingDJ the Bolt Thrower (level 2, -2/27 HPs)
             Began as a Troll Hunter on June 22, 2019.
             Slain by a goblin (4 damage)
             ... on level 1 of the Dungeon on Aug 14, 2020.
             The game lasted 00:03:53 (256 turns).

GlaceonGamingDJ the Bolt Thrower (Troll Hunter)      Turns: 256, Time: 00:03:53

Health: -2/27      AC:  6    Str: 19    XL:     2   Next: 17%
Magic:  1/1        EV: 10    Int:  7    God:
Gold:   0          SH:  0    Dex: 10    Spells: 1/1 levels left

rFire    . . .     SeeInvis .   a - +1 hand crossbow
rCold    . . .     Faith    .   (no shield)
rNeg     . . .     Spirit   .   c - +0 robe
rPois    .         Reflect  .   (helmet restricted)
rElec    .         Harm     .   (no cloak)
rCorr    .                      (gloves unavailable)
MR       .....                  (boots unavailable)
Stlth    +.........             (no amulet)
HPRegen  0.49/turn              (no ring)
MPRegen  0.07/turn              (no ring)

@: no status effects
A: large, unfitting armour, claws 3, gourmand, regeneration 1, shaggy fur 1,
tough skin 3
a: no special abilities


You were on level 1 of the Dungeon.
You visited 1 branch of the dungeon, and saw 1 of its levels.

Inventory:

Hand Weapons
 a - a +1 hand crossbow (weapon)
 b - a +0 short sword
Missiles
 d - 19 bolts (quivered)
Armour
 c - a +0 robe (worn)
Potions
 e - a potion of lignification
Comestibles
 f - 2 removed foods
 i - 2 removed foods


   Skills:
 + Level 1.5 Fighting
 + Level 3.0 Crossbows
 + Level 1.7 Dodging
 + Level 0.3 Stealth


You had one spell level left.
You didn't know any spells.
Your spell library was empty.

Dungeon Overview and Level Annotations

Branches:
Dungeon (1/15)

Altars:


Innate Abilities, Weirdness & Mutations

You are too large for most types of armour.
You have claws for hands.
You like to eat raw meat.
Your natural rate of healing is unusually fast.
You are covered in fur. (AC +1)
You have extremely tough skin. (AC +3)


Message History

You clumsily bash the goblin but do no damage.
The leopard gecko barely misses you. The goblin completely misses you.
The leopard gecko bites you but does no damage.
The kobold barely misses you.
You closely miss the goblin. The leopard gecko closely misses you.
The goblin hits you. The kobold hits you.
* * * LOW HITPOINT WARNING * * *
The leopard gecko barely misses you. The goblin hits you.
* * * LOW HITPOINT WARNING * * *
The kobold hits you.
* * * LOW HITPOINT WARNING * * *
Unknown command.
You clumsily bash the goblin but do no damage.
The leopard gecko bites you.
* * * LOW HITPOINT WARNING * * *
The goblin hits you but does no damage. The kobold hits you.
* * * LOW HITPOINT WARNING * * *
The leopard gecko barely misses you.
You completely miss the goblin. The goblin hits you.
You die...

##### ####### #...#
......# ## #...#
?.....# .# #...#
......# .# #...#
......# .## #...#
######l.....# ..#
#)..# #?...@g.....#
..# #...#
#....K.######
..####...###......#
..................+
..###.............#
..# #.............#
..###.............#
..................#
....#.............#


You could see a leopard gecko, a goblin and a kobold.

Vanquished Creatures
  A dart slug (D:1)
  2 goblins (D:1)
  2 hobgoblins (D:1)
  2 kobolds (D:1)
  A ball python (D:1)
  A frilled lizard (D:1)
9 creatures vanquished.

Notes
Turn   | Place    | Note
-------+----------+-------------------------------------------
     0 | D:1      | GlaceonGamingDJ the Troll Hunter began the quest for the
                  | Orb.
     0 | D:1      | Reached XP level 1. HP: 19/19 MP: 0/0
    90 | D:1      | Reached XP level 2. HP: 27/27 MP: 1/1
   119 | D:1      | Reached skill level 3 in Crossbows
   225 | D:1      | Upgraded the game from 0.24-a0-445-gd5110b0 to
                  | 0.26-a0-538-ge4b5d95
   256 | D:1      | Slain by a goblin

Illustrated notes

Levels and vault maps discovered:
D:1:      dpeg_arrival_water_temple_mockup, layout_basic, minmay_tiny_reverse_x

Skill      XL: |  1  2 |
---------------+-------+-----
Crossbows      | 3 |  3.0
Fighting       | |  1.5
Dodging        | |  1.7
Stealth        | |  0.3

Action                   || total
-------------------------++-------
Melee: Hand crossbow     ||    17
 Fire: Hand crossbow     ||    14
  Use: Scroll            ||     2
       Potion            ||     1
  Eat: Removed food      ||     7
Armor: Robe              ||    27
Dodge: Dodged            ||    33

Table legend: (Time is in decaauts)
 A = Elapsed time spent in this place.
 B = Non-inter-level travel time spent in this place.
 C = Inter-level travel time spent in this place.
 D = Time resting spent in this place.
 E = Time spent auto-exploring this place.
 F = Levels seen in this place.
 G = Mean time per level.
                   A        B        C        D        E       F      G
               +--------+--------+--------+--------+--------+-----+--------+
         Total |    254 |    254 |      0 |      0 |      0 |   1 |  254.0 |
       Dungeon |    254 |    254 |      0 |      0 |      0 |   1 |  254.0 |
               +--------+--------+--------+--------+--------+-----+--------+

Top non-repeatable levels by time:
     D:1: 39 daAuts
Note: time per level data comes from an upgraded game and may be incomplete.
